 Dungeon Crawl Stone Soup version 0.28.0-53-g5a82cb258f (webtiles) character file.

Game seed: 10226188061193293179

25 rabbi the Sneak (level 2, -3/14 HPs)
             Began as a Spriggan Enchanter on June 26, 2022.
             Killed from afar by Natasha (7 damage)
             ... with a magic dart
             ... on level 2 of the Dungeon.
             The game lasted 00:06:21 (1798 turns).

rabbi the Sneak (Spriggan Enchanter)                Turns: 1798, Time: 00:06:22

Health: -3/14      AC:  2    Str:  4    XL:     2   Next: 86%
Magic:  1/6        EV: 17    Int: 16    God:
Gold:   32         SH:  0    Dex: 15    Spells: 4/6 levels left

rFire   . . .      SeeInvis +   a - +1 dagger
rCold   . . .      Faith    .   (no shield)
rNeg    . . .      Spirit   .   b - +0 robe
rPois   .          Reflect  .   (helmet restricted)
rElec   .          Harm     .   (no cloak)
rCorr   .          Rampage  .   (gloves unavailable)
Will    .....                   (boots unavailable)
Stlth   +++.......              (no amulet)
HPRegen 0.04/turn               (no ring)
MPRegen 0.10/turn               (no ring)

@: slowed, quick
A: very small, no large weapons, unfitting armour, see invisible, speed 3
a: no special abilities


You were on level 2 of the Dungeon.
You visited 1 branch of the dungeon, and saw 2 of its levels.

You collected 32 gold pieces.

Inventory:

Hand Weapons
 a - a +1 dagger (weapon)
Armour
 b - a +0 robe (worn)
Scrolls
 g - a scroll of teleportation {unknown}
 i - a scroll of acquirement {unknown}
 j - a scroll of blinking {unknown}
Potions
 c - a potion of invisibility
 d - 3 potions of might
 f - 2 potions of heal wounds
 h - 2 potions of lignification


   Skills:
 + Level 0.4 Fighting
 + Level 1.5 Short Blades
 + Level 2.6 Dodging
 + Level 5.0 Stealth
 + Level 2.7 Spellcasting
 + Level 4.1 Hexes
 + Level 0.1 Ice Magic


You had 4 spell levels left.
You knew the following spells:

 Your Spells              Type           Power      Damage    Failure   Level
a - Ensorcelled Hibernat  Hex/Ice        18%        N/A       12%         2

Your spell library contained the following spells:

 Spells                   Type           Power      Damage    Failure   Level
 Confusing Touch          Hex            15%        N/A       11%         3
 Tukima's Dance           Hex            15%        N/A       11%         3
 Dazzling Flash           Conj/Hex       16%        N/A       24%         3


Dungeon Overview and Level Annotations

Branches:
Dungeon (2/15)

Altars:

Annotations:
D:2 Natasha


Innate Abilities, Weirdness & Mutations

You are very small and have problems with some larger weapons.
You are too small for most types of armour.
You have supernaturally acute eyesight. (SInv)
You cover ground extremely quickly. (Speed+++)


Message History

Natasha casts a spell at you. You resist with some effort.
Natasha stares at you and mumbles some strange words.
The magic dart hits you!
Ouch! That really hurt!
* * * LOW HITPOINT WARNING * * *
Casting: Ensorcelled Hibernation (safe; 12% risk of failure)
Confirm with . or Enter, or press ? or * to list all spells.
Aiming: Ensorcelled Hibernation (safe; 12% risk of failure)
Press: ? - help, Shift-Dir - straight line, f - Natasha
Aim: Natasha (chance to affect: 43%) Natasha looks drowsy...
A quokka comes into view.
Natasha hisses angrily.
Aiming: Ensorcelled Hibernation (safe; 12% risk of failure)
Press: ? - help, Q - select action Shift-Dir - straight line, f - you, p - Natasha That would be overly suicidal.
Okay, then.
Aiming: Ensorcelled Hibernation (safe; 12% risk of failure)
Press: ? - help, Q - select action Shift-Dir - straight line, f - Natasha
Aim: Natasha (not susceptible) Natasha is unaffected.
Natasha drinks a potion.
Natasha seems to speed up.
Aiming: Ensorcelled Hibernation (safe; 12% risk of failure)
Press: ? - help, Q - select action Shift-Dir - straight line, f/p - Natasha
Aim: Natasha (fast, not susceptible) Natasha is unaffected.
Natasha claws you but does no damage.
Natasha stares at you and mumbles some strange words.
You feel yourself slow down. Natasha barely misses you.
Natasha wildly gestures.
You feel troubled. Natasha closely misses you.
Found a book of the Spheres.
Natasha misses you. Natasha casts a spell at you. The magic dart hits you!
Ouch! That really hurt!
You die...

...............#.##.#..........
............#..#........r......
#.#..#.#....#..####r##....#....
.................##.##....###..
..........#.#..####.##....# #
#.#..#.........####.##......
..................h.......###
#.#..##...#....#..#.##.#..#
................@........
..................#.##.#..#
###..##...###..#..#.# ....
.............#..#.# .:.
#..##...##..[#..#.. .
................ .....#........
#...#.#.#.


You could see Natasha (fast).

Vanquished Creatures
  A dart slug (D:2)
  3 ball pythons (D:1)
  2 bats
  An endoplasm (D:2)
  A giant cockroach (D:2)
  4 goblins
  A hobgoblin (D:1)
  3 quokkas (D:1)
  A frilled lizard (D:1)
  A kobold (D:1)
  2 rats
20 creatures vanquished.

Notes
Turn   | Place    | Note
-------+----------+-------------------------------------------
     0 | D:1      | rabbi the Spriggan Enchanter began the quest for the Orb.
     0 | D:1      | Reached XP level 1. HP: 9/9 MP: 5/5
   470 | D:1      | Found a faded altar of an unknown god.
   660 | D:1      | Reached XP level 2. HP: 9/13 MP: 6/6
   663 | D:1      | Learned a level 2 spell: Ensorcelled Hibernation
  1458 | D:1      | Found a faded altar of an unknown god.
  1759 | D:2      | Reached skill level 5 in Stealth
  1779 | D:2      | Noticed Natasha
  1798 | D:2      | Killed from afar by Natasha

Illustrated notes

Levels and vault maps discovered:
D:1:      dpeg_arrival_ternary, layout_loops_corners,
          hellmonk_ecumenical_altar_run_dry, nrook_campfire
D:2:      layout_basic, uniq_sigmund, uniq_robin, uniq_natasha, uniq_terence

Skill      XL: |  1  2 |
---------------+-------+-----
Hexes          | 4 |  4.1
Stealth        | 5 |  5.0
Fighting       | |  0.4
Short Blades   | |  1.5
Dodging        | |  2.6
Spellcasting   | |  2.7
Ice Magic      | |  0.1

Action                   || total
-------------------------++-------
Melee: Dagger            ||    44
 Cast: Ensorcelled Hiber ||    12
  Use: Scroll            ||     3
 Stab: Sleeping          ||    13
Armor: Robe              ||     4
Dodge: Dodged            ||    28
